 Dungeon Sprint DCSS version 0.31-a0-204-g7da18cac08 (webtiles) character file.

Game seed: 13891766523162271076

426 rocky1 the Trooper (level 6, -4/60 HPs)
             Began as a Demigod Fighter on June 28, 2023.
             Killed from afar by a ynoxinul (35 damage)
             ... with an entropic shot
             ... in the Dungeon (Sprint VII: "The Pits").
             The game lasted 00:02:16 (664 turns).

rocky1 the Trooper (Demigod Fighter)                 Turns: 664, Time: 00:02:17

Health: -4/60      AC: 15    Str: 17    XL:     6   Next: 37%
Magic:  8/8        EV:  6    Int: 10    God:
Gold:   0          SH:  7    Dex: 21    Spells: 5/5 levels left

rFire   . . .        p - +1 long sword (flame)
rCold   . . .        c - +0 buckler
rNeg    . . .        o - +2 plate armour
rPois   .            (no helmet)
rElec   .            (no cloak)
rCorr   .            (no gloves)
SInv    .            (no boots)
Will    .....        (no amulet) Stlth
                     (no ring)
HPRegen 0.30/turn    (no ring)
MPRegen 0.11/turn

%: no teleportation
@: no status effects
A: high MP 1, forlorn, divine attributes
a: no special abilities


You were in the Dungeon.
You visited 1 branch

Inventory:

Hand Weapons
 a - a +0 long sword
 n - a +2 falchion of electrocution
 p - a +1 long sword of flaming (weapon)
Armour
 b - a +0 scale mail
 c - a +0 buckler (worn)
 o - a +2 plate armour (worn)
Scrolls
 j - a scroll of blinking
 l - 5 scrolls of amnesia
 m - a scroll of summoning
Potions
 d - a potion of might
 e - 6 potions of curing
 f - 6 potions of heal wounds
 h - 4 potions of magic
 i - a potion of berserk rage
 k - 2 potions of invisibility


   Skills:
 + Level 7.5 Fighting
 + Level 6.6 Long Blades
 + Level 6.8 Armour
 + Level 2.3 Dodging
 + Level 6.7 Shields


You had 5 spell levels left.
You didn't know any spells.
Your spell library was empty.

Dungeon Overview and Level Annotations

Branches:
Dungeon (1/1)


Innate Abilities, Weirdness & Mutations

You have an increased reservoir of magic. (+10% MP)
You shall have no god before yourself.
Your divine heritage dramatically boosts your attributes as you level up.


Message History

HP restored.
You start waiting.
You start waiting.
You open the door.
A ball python comes into view.
The ball python hisses angrily.
The ball python barely misses you. The ball python completely misses you.
You barely miss the ball python. You block the ball python's attack. x2
You hit the ball python. You burn the ball python.
The ball python is severely wounded.
The ball python bites you but does no damage.
The ball python barely misses you.
You slash the ball python! You burn the ball python.
You kill the ball python!
There is an open door here.
You open the door.
A ynoxinul comes into view.
The ynoxinul bellows!
The ynoxinul gestures at you. The entropic shot hits you!
The ynoxinul gestures at you. The entropic shot hits you!
There is an open door here.
You slash the ynoxinul! You burn the ynoxinul.
The ynoxinul is heavily wounded.
The ynoxinul hits you.
Okay, then.
You slash the ynoxinul! You burn the ynoxinul.
The ynoxinul is almost dead.
The ynoxinul gestures.
You hit the ynoxinul but do no damage.
The ynoxinul is almost dead.
The ufetubus hits you but does no damage.
The ufetubus barely misses you.
The ufetubus hits you but does no damage.
The ufetubus hits you. The ynoxinul gestures at you.
The entropic shot hits you!!
Ouch! That really hurt!
You die...

#.#..'[))).##.......#
#)#..#..)).##.......#
#)###########.......#
#.......# #########
#..#.#..# #.##.##.#
#.......#+#
#.##.##.#3+
#..#.#..#@#
#.......55#
###########


You could see a ynoxinul and 2 ufetubi.

Vanquished Creatures
  A water moccasin (D)
  A phantom (D)
  A gnoll sergeant (D)
  A scorpion (D)
  A hound (D)
  A mummy (D)
  8 gnolls (D)
  A worm (D)
  2 orcs (D)
  A hobgoblin (D)
  2 ball pythons (D)
  A rat (D)
21 creatures vanquished.

Notes
Turn   | Place    | Note
-------+----------+-------------------------------------------
     0 | D        | rocky1 the Demigod Fighter began the quest for the Orb.
     0 | D        | Reached XP level 1. HP: 18/18 MP: 3/3
    61 | D        | Reached skill level 3 in Fighting
    61 | D        | Reached XP level 2. HP: 23/26 MP: 4/4
    96 | D        | Noticed a scorpion
   103 | D        | Killed a scorpion
   104 | D        | Reached skill level 4 in Fighting
   104 | D        | Reached XP level 3. HP: 34/34 MP: 5/5
   155 | D        | Noticed a phantom
   163 | D        | Reached XP level 4. HP: 41/41 MP: 6/6
   172 | D        | Killed a phantom
   173 | D        | Reached skill level 5 in Fighting
   173 | D        | Reached skill level 5 in Armour
   173 | D        | Reached skill level 1 in Dodging
   173 | D        | Reached skill level 5 in Shields
   173 | D        | Reached XP level 5. HP: 34/50 MP: 7/7
   391 | D        | Noticed a water moccasin
   400 | D        | Killed a water moccasin
   401 | D        | Reached skill level 6 in Fighting
   401 | D        | Reached skill level 5 in Long Blades
   416 | D        | Reached skill level 7 in Fighting
   416 | D        | Reached XP level 6. HP: 37/60 MP: 8/8
   660 | D        | Noticed a ynoxinul
   664 | D        | Killed from afar by a ynoxinul

Illustrated notes

Levels and vault maps discovered:
D:        pitsprint [storerooms_1, entrance_room_1, metal_vault_4, armoury_2,
          mini_pit_1, grid_room_1, main_hall_1, silver_pit, the_coven_1,
          the_vestibule_1, steel_vault_4, golden_pit, hallway_of_sentries,
          crystal_vault_5, iron_vault_4, final_vault]

Skill      XL: |  1  2  3  4  5 |
---------------+----------------+-----
Shields        | 3 4 5 6 |  6.7
Fighting       | 3 4 5 7 |  7.5
Long Blades    | 2 3 4 6 |  6.6
Armour         | 3 4 5 6 |  6.8
Dodging        | 1 2 |  2.3

Action                     |  1- 3 |  4- 6 || total
---------------------------+-------+-------++-------
  Melee: Long sword        |     3 |    37 ||    40
         Falchion          |    18 |    12 ||    30
    Use: Potion            |     1 |     2 ||     3
 Armour: Scale mail        |     4 |     4 ||     8
         Plate armour      |       |    14 ||    14
  Dodge: Dodged            |    11 |    12 ||    23
  Block: Buckler           |     4 |     9 ||    13

Table legend: (Time is in decaauts)
 A = Elapsed time spent in this place.
 B = Non-inter-level travel time spent in this place.
 C = Inter-level travel time spent in this place.
 D = Time resting spent in this place.
 E = Time spent auto-exploring this place.
 F = Levels seen in this place.
 G = Mean time per level.
                   A        B        C        D        E       F      G
               +--------+--------+--------+--------+--------+-----+--------+
         Total |    669 |    649 |     20 |    415 |      0 |   1 |  669.0 |
       Dungeon |    669 |    649 |     20 |    415 |      0 |   1 |  669.0 |
               +--------+--------+--------+--------+--------+-----+--------+

Top non-repeatable levels by time:
       D: 669 daAuts
